 Dungeon Crawl Stone Soup version 0.19.0-22-gd96e5fe (webtiles) character file.

54167 dracos369 the Grappler (level 14, 0/146 HPs)
             Began as a Troll Berserker on Nov 17, 2016.
             Was a High Priest of Trog.
             Slain by an orc warrior
             ... wielding a +0 trident
              (21 damage)
             ... on level 2 of the Orcish Mines on Nov 19, 2016.
             The game lasted 01:16:38 (16297 turns).

dracos369 the Grappler (Troll Berserker)           Turns: 16297, Time: 01:16:39

Health: 0/146      AC: 10    Str: 28    XL:     14   Next: 33%
Magic:  17/17      EV: 12    Int:  6    God:    Trog [*****.]
Gold:   1462       SH:  0    Dex: 13    Spells: 0 memorised, 13 levels left

rFire  . . .     SeeInvis .       - Unarmed
rCold  . . .     Gourm    +     O - +1 animal skin
rNeg   . . .     Faith    .     (no shield)
rPois  .         Spirit   .     e - +2 hat {Int+3}
rElec  .         Reflect  .     M - +0 cloak
rCorr  .         Harm     .     (gloves unavailable)
MR     ++++.                    (boots unavailable)
Stlth  ++........               (no amulet)
                                I - +1 ring of protection
                                X - ring of protection from magic

@: lethally poisoned (0 -> 0), exhausted, regenerating, hasted and slowed,
drained
A: unfitting armour, claws 3, fast metabolism 3, gourmand, regeneration 1,
shaggy fur 1, tough skin 2
a: Berserk, Trog's Hand, Brothers in Arms, Burn Spellbooks, Renounce Religion


You were on level 2 of the Orcish Mines.
You worshipped Trog.
Trog was extremely pleased with you.
You were very full.

You visited 4 branches of the dungeon, and saw 18 of its levels.
You also visited: Ossuary.

You collected 1462 gold pieces.

Inventory:

Hand Weapons
 a - a +4 blowgun
Missiles
 B - 11 javelins of penetration
 J - 2 large rocks (quivered)
 L - an exploding tomahawk
 Q - 7 curare-tipped needles
 S - 5 javelins
Armour
 e - a +2 hat of intelligence (worn)
 M - a +0 cloak (worn)
 O - a +1 animal skin (worn)
Jewellery
 m - an uncursed ring of protection from cold
 I - a +1 ring of protection (right claw)
 X - a ring of protection from magic (left claw)
 Z - an uncursed ring of flight
Wands
 i - a wand of paralysis (6/24)
 k - a wand of disintegration (11/24)
 l - a wand of teleportation (4/9)
 z - a wand of disintegration (12/24)
 T - a wand of acid (9/15)
Scrolls
 p - 2 scrolls of fog
 s - 4 scrolls of remove curse
 v - a scroll of acquirement {unknown}
 x - 4 scrolls of magic mapping
 A - 3 scrolls of teleportation
 F - 2 scrolls of blinking {unknown}
 R - 2 scrolls of fear
Potions
 f - a potion of cancellation
 h - 2 potions of curing
 o - 3 potions of brilliance
 r - 2 potions of might
 t - a potion of agility
 u - 4 potions of heal wounds
 C - 2 potions of haste
 D - 3 potions of flight
 E - a potion of ambrosia
Books
 W - a book of Unlife

   Spells                             Type                      Level
   a - Recall                         Summoning/Translocation      3
   b - Animate Dead                   Necromancy                   4
   c - Control Undead                 Necromancy                   4
   d - Cigotuvi's Embrace             Necromancy                   5
   e - Death Channel                  Necromancy                   6
   f - Simulacrum                     Ice/Necromancy               6
   Trog disapproves of the use of such an item.
Comestibles
 b - 12 bread rations
 c - 5 chunks of flesh
 d - 2 beef jerkies
 j - 7 meat rations
 N - 11 royal jellies


   Skills:
 + Level 11.2(9.9) Fighting
 * Level 12.3(11.0) Throwing
 - Level 6.0(4.9) Dodging
 - Level 2.0(1.0) Stealth
 + Level 13.5(12.2) Unarmed Combat
 - Level 6.0(4.9) Evocations


You had 13 spell levels left.
You didn't know any spells.

Dungeon Overview and Level Annotations

Branches:
Dungeon (9/15)             Temple (1/1) D:6            Lair (6/6) D:9
 Shoals (0/4) Lair:4        Snake (0/4) Lair:2        Slime (0/5) Lair:5
    Orc (2/2) D:9
    Elf: Orc:2

Altars:
Ashenzari
Cheibriados
Dithmenos
Elyvilon
Fedhas
Gozag
Hepliaklqana
Kikubaaqudgha
Makhleb
Nemelex Xobeh
Okawaru
Qazlal
Ru
Sif Muna
Trog
Uskayaw
Vehumet
Xom
Yredelemnul
Zin
The Shining One
Beogh

Shops:
D:8 %

Annotations:
Orc:2 muxecoid's ghost, journeyman DrWn


Innate Abilities, Weirdness & Mutations

You are too large for most types of armour.
You have claws for hands.
Your metabolism is lightning-fast.
You like to eat raw meat.
Your natural rate of healing is unusually fast.
You are covered in fur. (AC +1)
You have very tough skin. (AC +2)


Message History

You feel better.
The orc priest shouts!
The orc hits you but does no damage.
The orc warrior hits you from afar with a trident!
Muxecoid's ghost barely misses you. The orc hits you but does no damage.
The orc hits you with a falchion of slicing.
Muxecoid's ghost breathes negative energy at you.
The bolt of negative energy hits you!
You feel drained.
* * * LOW HITPOINT WARNING * * *
You see here 2 tomahawks.
You feel much better. Something hits you but does no damage.
The orc warrior hits you from afar with a trident.
* * * LOW HITPOINT WARNING * * *
Muxecoid's ghost hits you!
* * * LOW HITPOINT WARNING * * *
You are poisoned.
You feel yourself speed up.
You feel sick. Something hits you but does no damage.
The orc warrior hits you from afar with a trident!!
You die...

## ###. .###...
## .....#.#.#
#.....@####
#......W#.#
#.....oooo.#
.......o...#
.............#
....#........#
...###.........
... ###........
##........#


You could see 2 orc warriors, an orc priest, muxecoid's ghost and 2 orcs.

Vanquished Creatures
  The ghost of ThereIsNoGod the Severer, a journeyman MiGl of Makhleb (Orc:1)
  The ghost of Thomus the Severer, a journeyman HOFi of Okawaru (Lair:6)
  Nessos (Lair:5)
  Harold (Lair:3)
  4 hydras
  The ghost of ZomBoFoB the Fighter, a journeyman GrEE of Hepliaklqana (Lair:4)
  6 catoblepae
  14 death yaks (Lair:6)
  The ghost of newuser the Grappler, a journeyman VSAK of Lugonu (Lair:2)
  Sonja (Lair:2)
  Nergalle (Lair:2)
  Pikel (D:5)
  An orc sorcerer (Orc:2)
  5 black mambas
  6 elephants (Lair:6)
  11 spiny frogs
  An eye of devastation (Lair:5)
  A torpor snail (Lair:4)
  4 rime drakes
  6 komodo dragons
  3 meliai
  A queen bee (Lair:5)
  A two-headed ogre (D:9)
  A polar bear (Lair:6)
  A troll (D:9)
  Prince Ribbit (D:5)
  12 blink frogs
  12 hippogriffs
  7 dream sheep
  A spriggan (D:9)
  A wyvern (Lair:4)
  34 yaks
  A steam dragon (Lair:4)
  5 porcupines
  13 water moccasins
  2 black bears
  3 orc warriors
  An ice beast (D:5)
  A sky beast (D:7)
  4 slaves (D:5)
  An eye of draining (Lair:5)
  11 wolves
  2 ogres
  A centaur (D:8)
  10 crocodiles
  An elf zombie (Ossuary)
  9 bullfrogs
  3 scorpions
  20 killer bees
  A howler monkey (D:9)
  2 electric eels (D:9)
  4 crimson imps
  A jelly (D:9)
  3 bullfrog skeletons
  A bullfrog zombie (D:9)
  9 orc priests
  11 hounds
  14 orc wizards
  A centaur zombie (Ossuary)
  4 iguanas
  6 worker ants
  A big kobold zombie (Ossuary)
  3 hound skeletons
  2 mummies (Ossuary)
  Robin (D:4)
  A howler monkey skeleton (D:4)
  9 adders
  2 shadow imps
  2 oozes
  3 adder zombies (Ossuary)
  2 adder skeletons
  A dart slug (D:3)
  2 leopard geckos
  24 orcs
  5 giant cockroaches
  15 goblins
  10 hobgoblins
  9 jackals
  7 kobolds
  5 quokkas
  A bat (D:2)
  3 frilled lizards
  A goblin zombie (Ossuary)
  8 hobgoblin zombies (Ossuary)
  A jackal skeleton (D:6)
  A jackal zombie (Ossuary)
  12 kobold zombies (Ossuary)
  2 leopard gecko zombies (D:5)
  6 orc zombies (Ossuary)
  6 rats (D:1)
  4 rat zombies
  2 plants (Lair:6)
439 creatures vanquished.

Vanquished Creatures (collateral kills)
  Gastronok (Lair:2)
  A hydra (Lair:3)
  An oklob plant (Lair:4)
  An electric eel (Lair:3)
4 creatures vanquished.

Vanquished Creatures (others)
  A bat (D:2)
  16 fungi
  9 plants
26 creatures vanquished.

Grand Total: 469 creatures vanquished

Notes
Turn   | Place    | Note
-------+----------+-------------------------------------------
     0 | D:1      | dracos369 the Troll Berserker began the quest for the Orb.
     0 | D:1      | Reached XP level 1. HP: 22/22 MP: 0/0
     0 | D:1      | Upgraded the game from 0.19.0-20-gbc5f0c6 to 0.19.0-22-gd96e5fe
   175 | D:1      | Reached XP level 2. HP: 29/29 MP: 1/1
   716 | D:2      | Reached ** piety under Trog
   716 | D:2      | Reached skill level 4 in Unarmed Combat
   775 | D:2      | Reached XP level 3. HP: 36/36 MP: 2/2
  1147 | D:2      | Found a white marble altar of Elyvilon.
  1612 | D:3      | Reached skill level 1 in Evocations
  1612 | D:3      | Reached XP level 4. HP: 42/44 MP: 3/3
  1681 | D:3      | Reached skill level 5 in Unarmed Combat
  1681 | D:3      | Reached XP level 5. HP: 49/50 MP: 5/5
  2140 | D:4      | Found a sand-covered staircase.
  2161 | D:4      | Reached skill level 1 in Throwing
  2222 | Ossuary  | Entered an ossuary
  2255 | Ossuary  | Reached *** piety under Trog
  2329 | Ossuary  | Reached XP level 6. HP: 55/59 MP: 6/6
  2348 | Ossuary  | Reached skill level 6 in Unarmed Combat
  2437 | Ossuary  | Reached **** piety under Trog
  2618 | D:4      | Noticed Robin
  2643 | D:4      | Killed Robin
  2727 | D:4      | Reached XP level 7. HP: 55/66 MP: 7/7
  3311 | D:5      | Entered Level 5 of the Dungeon
  3401 | D:5      | Found a hazy altar of Hepliaklqana.
  3431 | D:5      | Noticed Pikel
  3447 | D:5      | Killed Pikel
  3447 | D:5      | Reached skill level 5 in Throwing
  3447 | D:5      | Reached skill level 7 in Unarmed Combat
  3447 | D:5      | Reached XP level 8. HP: 74/74 MP: 8/8
  3501 | D:5      | Reached skill level 8 in Unarmed Combat
  3675 | D:5      | Noticed Prince Ribbit
  4291 | D:5      | Found a hazy altar of Hepliaklqana.
  4321 | D:5      | Killed Prince Ribbit
  4648 | D:6      | Found a deep blue altar of Sif Muna.
  4651 | D:6      | Reached XP level 9. HP: 83/83 MP: 9/9
  5002 | D:7      | Reached ***** piety under Trog
  5258 | D:6      | Found a staircase to the Ecumenical Temple.
  5269 | Temple   | Entered the Ecumenical Temple
  5617 | D:7      | Reached skill level 9 in Unarmed Combat
  5959 | D:8      | Found Utti's Food Shoppe.
  6062 | D:8      | Found a hide-covered altar of Uskayaw.
  6062 | D:8      | Found a deep blue altar of Sif Muna.
  6262 | D:8      | Found a glowing golden altar of the Shining One.
  6262 | D:8      | Found a faded altar of an unknown god.
  6267 | D:8      | Found a faded altar of an unknown god.
  6269 | D:8      | Found a faded altar of an unknown god.
  6271 | D:8      | Found a faded altar of an unknown god.
  6346 | D:8      | Found a burning altar of Makhleb.
  6347 | D:8      | Found a radiant altar of Vehumet.
  6537 | D:8      | Gained mutation: Your magical capacity is low. (-10% MP) [potion of mutation]
  6537 | D:8      | Gained mutation: Your spells are a little harder to cast, but a little more powerful. [potion of mutation]
  6537 | D:8      | Gained mutation: Your body sometimes deteriorates upon taking damage. [potion of mutation]
  6538 | D:8      | Lost mutation: Your spells are a little harder to cast, but a little more powerful. [potion of cure mutation]
  6538 | D:8      | Lost mutation: Your body sometimes deteriorates upon taking damage. [potion of cure mutation]
  6538 | D:8      | Lost mutation: Your magical capacity is low. (-10% MP) [potion of cure mutation]
  6603 | D:9      | Reached skill level 5 in Fighting
  6759 | D:9      | Found a shattered altar of Ashenzari.
  6760 | D:9      | Found an ancient bone altar of Kikubaaqudgha.
  6841 | D:9      | Noticed a troll
  6846 | D:9      | Killed a troll
  6848 | D:9      | Received a gift from Trog
  6908 | D:9      | Reached XP level 10. HP: 98/98 MP: 10/10
  6913 | D:9      | Found a staircase to the Lair.
  6973 | D:9      | Reached skill level 10 in Unarmed Combat
  7024 | D:9      | Received a gift from Trog
  7123 | D:9      | Found a staircase to the Orcish Mines.
  7539 | Lair:1   | Entered Level 1 of the Lair of Beasts
  7913 | Lair:1   | Noticed a spiny frog
  7926 | Lair:1   | Killed a spiny frog
  8033 | Lair:1   | Reached XP level 11. HP: 92/113 MP: 11/11
  8379 | Lair:2   | Noticed Nergalle
  8385 | Lair:2   | Killed Nergalle
  8385 | Lair:2   | Reached skill level 1 in Stealth
  8411 | Lair:2   | Noticed Sonja
  8431 | Lair:2   | Found a snail-covered altar of Cheibriados.
  8559 | Lair:3   | Noticed Harold
  8565 | Lair:3   | Noticed an eight-headed hydra
  8746 | Lair:3   | Reached skill level 11 in Unarmed Combat
  8800 | Lair:3   | Killed Harold
  8887 | Lair:3   | Killed an eight-headed hydra
  8945 | Lair:3   | Reached skill level 5 in Dodging
  9641 | Lair:3   | Noticed a catoblepas
  9650 | Lair:3   | Killed a catoblepas
  9845 | Lair:4   | Noticed a catoblepas
 10032 | Lair:2   | Noticed Gastronok
 10034 | Lair:2   | Noticed newuser's ghost (journeyman VSAK)
 10086 | Lair:2   | Killed newuser's ghost
 10090 | Lair:2   | Killed Gastronok
 10090 | Lair:2   | Received a gift from Trog
 10090 | Lair:2   | Reached XP level 12. HP: 114/124 MP: 13/13
 10442 | Lair:2   | Found a staircase to the Snake Pit.
 10801 | Lair:2   | Killed Sonja
 10922 | Lair:4   | Killed a catoblepas
 11066 | Lair:4   | Found a staircase to the Shoals.
 11105 | Lair:4   | Noticed ZomBoFoB's ghost (journeyman GrEE)
 11224 | Lair:4   | Killed ZomBoFoB's ghost
 11224 | Lair:4   | Reached skill level 12 in Unarmed Combat
 11413 | Lair:4   | Noticed an eight-headed hydra
 11418 | Lair:4   | Killed an eight-headed hydra
 11809 | Lair:4   | Found a sacrificial altar of Ru.
 11826 | Lair:4   | Reached skill level 10 in Fighting
 12350 | Lair:5   | Noticed Nessos
 12619 | Lair:5   | Killed Nessos
 12851 | Lair:5   | Reached XP level 13. HP: 133/133 MP: 15/15
 12920 | Lair:4   | Received a gift from Trog
 12920 | Lair:4   | Reached skill level 10 in Throwing
 13255 | Lair:5   | Reached skill level 5 in Evocations
 13347 | Lair:5   | Found a staircase to the Slime Pits.
 13783 | Lair:6   | Entered Level 6 of the Lair of Beasts
 13791 | Lair:6   | Noticed Thomus's ghost (journeyman HOFi)
 13805 | Lair:6   | Killed Thomus's ghost
 14716 | Lair:6   | Reached skill level 13 in Unarmed Combat
 14793 | Lair:6   | Received a gift from Trog
 14930 | Lair:6   | Reached XP level 14. HP: 144/144 MP: 17/17
 14960 | Lair:6   | HP: 2/146 [death yak (29)]
 15398 | Lair:6   | Received a gift from Trog
 16031 | Orc:1    | Entered Level 1 of the Orcish Mines
 16086 | Orc:1    | Noticed ThereIsNoGod's ghost (journeyman MiGl)
 16111 | Orc:1    | Killed ThereIsNoGod's ghost
 16190 | Orc:1    | Found a roughly hewn altar of Beogh.
 16268 | Orc:2    | Entered Level 2 of the Orcish Mines
 16271 | Orc:2    | Noticed muxecoid's ghost (journeyman DrWn)
 16295 | Orc:2    | HP: 3/146 [muxecoid's ghost/bolt of negative energy (49)]
 16297 | Orc:2    | Slain by an orc warrior

Skill      XL: |  1  2  3  4  5  6  7  8  9 10 11 12 13 14 |
---------------+-------------------------------------------+-----
Unarmed Combat | 4 5 6 7 8 9 10 11 12 13 | 13.5
Evocations     | 1 2 3 4 6 |  6.0
Throwing       | 1 3 5 6 7 8 9 11 12 | 12.3
Fighting       | 3 6 8 9 10 11 | 11.2
Dodging        | 3 4 5 6 |  6.0
Stealth        | 2 |  2.0

Action                   |  1- 3 |  4- 6 |  7- 9 | 10-12 | 13-15 || total
-------------------------+-------+-------+-------+-------+-------++-------
Melee: Unarmed           |   111 |   179 |   269 |   395 |   371 ||  1325
       Punch             |     1 |    10 |    12 |    28 |    34 ||    85
 Fire: Blowgun           |       |       |       |     1 |     1 ||     2
Throw: Tomahawk          |     1 |       |    27 |    17 |     3 ||    48
       Javelin           |       |       |     1 |    88 |    56 ||   145
       Throwing net      |       |       |       |     1 |       ||     1
       Large rock        |       |       |       |       |    21 ||    21
Invok: Berserk           |       |     1 |     7 |    14 |    10 ||    32
       Trog's Hand       |       |       |     1 |     4 |     3 ||     8
       Burn Spellbooks   |       |       |     2 |     2 |       ||     4
       Brothers in Arms  |       |       |       |     7 |       ||     7
Evoke: Wand              |       |       |     5 |     7 |       ||    12
  Use: Scroll            |       |     6 |     7 |    13 |     6 ||    32
       Potion            |       |     1 |     2 |     5 |     7 ||    15
 Stab: Sleeping          |     1 |       |       |     2 |     3 ||     6
       Distracted        |       |       |       |     4 |       ||     4
  Eat: Chunk             |    13 |    18 |    46 |    64 |    48 ||   189
       Pizza             |       |       |       |     1 |       ||     1
Armor: Animal skin       |    42 |    58 |    63 |    74 |    64 ||   301
       Skin              |       |       |       |       |    72 ||    72
Dodge: Dodged            |    42 |    82 |   123 |   212 |   177 ||   636
